 Dungeon Crawl Stone Soup version 0.28-a0-224-g76b539d98b (webtiles) character file.

Game seed: 2953142407023618299

13780 jisko22 the Impaler (level 12, -4/103 HPs)
             Began as a Merfolk Gladiator on Aug 19, 2021.
             Was a Follower of Wu Jian.
             Slain by a bunyip (30 damage)
             ... on level 2 of the Lair of Beasts on Aug 21, 2021.
             The game lasted 00:43:36 (19222 turns).

jisko22 the Impaler (Merfolk Gladiator)            Turns: 19222, Time: 00:43:36

Health: -4/103     AC: 19    Str: 16    XL:     12   Next: 9%
Magic:  12/14      EV: 16    Int:  9    God:    Wu Jian [*.....]
Gold:   299        SH:  0    Dex: 17    Spells: 7/14 levels left

rFire   . . .      SeeInvis .   a - +0 halberd
rCold   . . .      Faith    .   (shield currently unavailable)
rNeg    . . .      Spirit   .   r - +2 ring mail {rPois}
rPois   +          Reflect  .   c - +2 helmet
rElec   .          Harm     .   A - +0 cloak
rCorr   .          Rampage  .   (no gloves)
Will    .....      Clarity  +   G - +2 pair of boots {Fly}
Stlth   +.........              w - amulet of the acrobat
HPRegen 0.27/turn               i - +4 ring of protection
MPRegen 0.14/turn               (no ring)

@: flying
A: (nimble swimmer 2), mertail, clarity, robust 1, MP-powered wands
a: Renounce Religion


You were on level 2 of the Lair of Beasts.
You worshipped Wu Jian.
Wu Jian was aware of your devotion.
You visited 3 branches of the dungeon, and saw 12 of its levels.

You collected 539 gold pieces.
You spent 240 gold pieces at shops.

Inventory:

Hand Weapons
 a - a +0 halberd (weapon)
 b - a +0 hunting sling
 q - a +1 trident
Missiles
 d - 2 throwing nets
 h - 361 stones
 x - 25 poisoned darts (quivered)
 y - 51 sling bullets
Armour
 c - a +2 helmet (worn)
 e - a +1 leather armour
 l - a +0 ring mail
 p - a +0 pair of boots
 r - a +2 ring mail of poison resistance (worn)
 A - a +0 cloak (worn)
 G - a +2 pair of boots of flying (worn)
Jewellery
 i - a +4 ring of protection (left hand)
 k - a ring of positive energy
 w - an amulet of the acrobat (around neck)
Wands
 v - a wand of flame (26)
 z - a wand of charming (7)
 C - a wand of digging (4)
 E - a wand of polymorph (8)
Scrolls
 g - 4 scrolls of teleportation
 n - 2 scrolls of enchant weapon
 o - 4 scrolls of identify
 u - 3 scrolls of fear
 B - a scroll of fog
 D - a scroll of holy word
 J - 2 scrolls of amnesia
Potions
 f - a potion of ambrosia {unknown}
 j - 2 potions of curing {unknown}
 m - a potion of flight
 s - 3 potions of degeneration
 t - a potion of heal wounds
 H - 2 potions of resistance


   Skills:
 + Level 8.6 Fighting
 - Level 16.0 Polearms
 - Level 2.4(3.0) Slings
 - Level 2.8(3.4) Throwing
 + Level 3.4 Armour
 + Level 10.6 Dodging
 - Level 1.5 Spellcasting
 - Level 1.4 Air Magic
 - Level 3.0 Poison Magic
 * Level 8.0 Evocations


You had 7 spell levels left.
You knew the following spells:

 Your Spells              Type           Power      Damage    Failure   Level
a - Sting                 Tmut/Pois      12%        1d3       34%         1
b - Poisonous Vapours     Pois/Air       8%         N/A       36%         2
c - Olgreb's Toxic Radia  Pois           6%         N/A       88%         4

Your spell library contained the following spells:

 Spells                   Type           Power      Damage    Failure   Level
 Animate Skeleton         Necr           0%         N/A       54%         1
 Freeze                   Ice            0%         1d3       54%         1
 Pain                     Necr           0%         1d4       54%         1
 Sandblast                Erth           0%         2d4       54%         1
 Blink                    Tloc           N/A        N/A       69%         2
 Passwall                 Tmut/Erth      0%         N/A       69%         2
 Slow                     Hex            0%         N/A       69%         2
 Confusing Touch          Hex            0%         N/A       89%         3
 Frozen Ramparts          Ice            0%         1d2       89%         3
 Lesser Beckoning         Tloc           0%         N/A       89%         3
 Vampiric Draining        Necr           0%         2d6       89%         3
 Hailstorm                Conj/Ice       0%         3d3       100%        4
 Lee's Rapid Deconstruct  Erth           0%         3d5*      100%        5
 Manifold Assault         Tloc           0%         N/A       100%        5
 Yara's Violent Unravell  Hex/Tmut       0%         3d3       100%        5


Dungeon Overview and Level Annotations

Branches:
Dungeon (9/15)             Temple (1/1) D:6            Lair (2/6) D:9
  Swamp: Lair:2-4    Shoals: Lair:2-4     Snake: Lair:2-4    Spider: Lair:2-4
    Orc: D:9-12

Altars:
Ashenzari
Cheibriados
Dithmenos
Elyvilon
Fedhas
Gozag
Hepliaklqana
Kikubaaqudgha
Makhleb
Nemelex Xobeh
Okawaru
Qazlal
Ru
Sif Muna
Trog
Uskayaw
Vehumet
Wu Jian
Xom
Yredelemnul
Zin
The Shining One

Shops:
D:4 (   D:9 [

Annotations:
D:7 2 transporters, dracfodder's ghost, novice DgIE
Lair:1 2 transporters


Innate Abilities, Weirdness & Mutations

((You are quick and stealthy near water. (Stealth+, EV+, Speed+++)))
Your lower body shifts to a powerful aquatic tail in water.
You possess an exceptional clarity of mind.
You are robust. (+10% HP)
You expend magic power (3 MP) to strengthen your wands.


Message History

Press: ? - help, Shift-Dir - straight line, f - six-headed hydra
Aim: a six-headed hydra (will become a spark wasp, a black draconian, or a bunyip, chance to affect: 41%)
You feel a surge of power!
The six-headed hydra evaporates and reforms as a bunyip!
You hit the bunyip but do no damage. The bunyip claws you!!
The bunyip closely misses you. The bunyip claws you!
You barely miss the bunyip. You hit the bunyip but do no damage.
You hit the bunyip.
The bunyip is lightly wounded.
You hit the bunyip.
The bunyip is lightly wounded.
You slash the bunyip!
The bunyip is lightly wounded.
The bunyip claws you! The bunyip barely misses you. The bunyip misses you.
You hit the bunyip but do no damage.
The bunyip is lightly wounded.
You hit the bunyip.
The bunyip is lightly wounded.
You slash the bunyip!
The bunyip is moderately wounded.
You barely miss the bunyip.
The bunyip is moderately wounded.
The bunyip howls a warning cry!
You hear a bellow! x5
You closely miss the bunyip.
The bunyip is moderately wounded.
The bunyip claws you!! The bunyip claws you!
* * * LOW HITPOINT WARNING * * *
The bunyip closely misses you.
You barely miss the bunyip.
The bunyip is moderately wounded.
You hit the bunyip.
The bunyip is moderately wounded.
You barely miss the bunyip.
The bunyip is moderately wounded.
You hit the bunyip but do no damage.
The bunyip is moderately wounded.
The bunyip misses you. The bunyip claws you!!
You die...

#.## #.#..##
#.............. ###
###...# ...............
#.#..## #..............
###...##
#.............. ##..P##
#.....)........
#.#...#####....).......
####..P## #PP........##
#....##.........#.#.
##.@....#####.#....<
#..x.#### #####..(
#...### ##.. ...... #..
#......# #.. #.......#
#.. ......... #..
........# #.. ###


You could see a bunyip (catching breath).

Vanquished Creatures
  Gastronok (Lair:1)
  A hydra (Lair:1)
  Urug (Lair:2)
  Maurice (D:8)
  A black mamba (Lair:1)
  3 cane toads
  6 komodo dragons
  An unseen horror (D:9)
  A rime drake (Lair:1)
  A troll (D:8)
  2 shadows (D:9)
  A basilisk (D:9)
  Eustachio (D:4)
  4 wyverns
  17 yaks
  2 steam dragons (D:9)
  5 water moccasins
  An orc warrior (D:7)
  A black bear (Lair:2)
  2 ice beasts (D:6)
  A necrophage (D:6)
  A sky beast (D:8)
  4 ogres
  2 centaurs (D:6)
  2 kobold brigands (D:8)
  2 bullfrogs
  3 scorpions
  3 wights (D:8)
  4 killer bees
  8 howler monkeys
  5 orc priests
  A hound (D:6)
  A jelly (D:7)
  Crazy Yiuf (D:7)
  3 centaur skeletons
  2 iguanas
  An orc wizard (D:5)
  Natasha (thrice) (D:4)
  A scorpion zombie (D:5)
  A killer bee zombie (D:8)
  A hound skeleton (D:4)
  5 adders
  14 gnolls
  2 worms
  5 dart slugs
  23 orcs
  8 endoplasms
  3 giant cockroaches
  11 goblins
  7 hobgoblins
  5 jackals
  12 kobolds
  3 quokkas
  7 ball pythons
  4 bats
  4 frilled lizards
  A quokka skeleton (D:4)
  2 rats (D:3)
219 creatures vanquished.

Vanquished Creatures (others)
  5 fungi
  5 plants
10 creatures vanquished.

Grand Total: 229 creatures vanquished

Notes
Turn   | Place    | Note
-------+----------+-------------------------------------------
     0 | D:1      | jisko22 the Merfolk Gladiator began the quest for the Orb.
     0 | D:1      | Reached XP level 1. HP: 16/16 MP: 1/1
   231 | D:1      | Reached XP level 2. HP: 23/23 MP: 2/2
   248 | D:1      | HP: 1/23 [gnoll (1)]
   255 | D:1      | Reached skill level 5 in Polearms
   803 | D:1      | Reached XP level 3. HP: 28/28 MP: 3/3
   935 | D:1      | Found a faded altar of an unknown god.
  1593 | D:2      | Reached XP level 4. HP: 31/34 MP: 4/4
  2998 | D:3      | Reached skill level 6 in Polearms
  3041 | D:3      | Reached XP level 5. HP: 41/41 MP: 5/5
  3169 | D:3      | Found a blossoming altar of Fedhas.
  3421 | D:3      | Found a glowing silver altar of Zin.
  3929 | D:4      | Noticed Natasha
  3941 | D:4      | Killed Natasha
  3942 | D:4      | Reached skill level 1 in Slings
  3942 | D:4      | Reached skill level 5 in Dodging
  4189 | D:4      | Noticed Eustachio
  4526 | D:4      | Killed Eustachio
  4527 | D:4      | Reached skill level 7 in Polearms
  4527 | D:4      | Reached XP level 6. HP: 47/47 MP: 6/6
  4600 | D:4      | Found a stormy altar of Qazlal.
  4625 | D:4      | Noticed Natasha
  4645 | D:4      | Killed Natasha
  4647 | D:4      | Reached XP level 7. HP: 52/53 MP: 7/7
  4716 | D:4      | Noticed Natasha
  4722 | D:4      | Killed Natasha
  5036 | D:4      | Found Rubybb's Weapon Shop.
  5072 | D:5      | Entered Level 5 of the Dungeon
  5214 | D:5      | Reached skill level 8 in Polearms
  5881 | D:5      | Found a shimmering blue altar of Sif Muna.
  6058 | D:5      | Reached skill level 9 in Polearms
  6236 | D:5      | Reached XP level 8. HP: 61/61 MP: 8/8
  7320 | D:6      | Reached skill level 5 in Fighting
  7785 | D:6      | Reached skill level 10 in Polearms
  8423 | D:6      | Reached skill level 11 in Polearms
  8458 | D:6      | Found a staircase to the Ecumenical Temple.
  8504 | D:6      | Learned a level 1 spell: Sting
  8507 | D:6      | Learned a level 2 spell: Poisonous Vapours
  8512 | D:6      | Learned a level 4 spell: Olgreb's Toxic Radiance
  8532 | D:6      | Reached skill level 1 in Poison Magic
  8532 | D:6      | Reached XP level 9. HP: 43/69 MP: 9/9
  8997 | D:6      | Reached skill level 1 in Spellcasting
  8997 | D:6      | Reached skill level 1 in Air Magic
  9473 | D:7      | Found a transporter.
  9531 | D:7      | Reached skill level 1 in Armour
  9849 | D:7      | Found a transporter.
  9849 | D:7      | Noticed dracfodder's ghost (novice DgIE)
 10052 | D:7      | Found a runed translucent door.
 10053 | D:7      | Noticed Crazy Yiuf
 10062 | D:7      | Killed Crazy Yiuf
 10711 | D:8      | Found a snail-covered altar of Cheibriados.
 10727 | D:8      | Reached skill level 12 in Polearms
 11009 | Temple   | Entered the Ecumenical Temple
 11126 | Temple   | Became a worshipper of the Wu Jian Council
 11741 | D:8      | Reached skill level 13 in Polearms
 11917 | D:8      | Found a hazy altar of Hepliaklqana.
 12323 | D:8      | Found a bloodstained altar of Trog.
 12610 | D:8      | Reached skill level 14 in Polearms
 12617 | D:8      | Reached XP level 10. HP: 54/76 MP: 12/12
 12900 | D:9      | Noticed Maurice
 13413 | D:9      | Upgraded the game from 0.28-a0-199-g298df9dbad to
                  | 0.28-a0-224-g76b539d98b
 13421 | D:9      | Killed an unseen horror
 13422 | D:9      | Reached skill level 15 in Polearms
 13557 | D:9      | Found Hukilatt's Antique Armour Shoppe.
 13583 | D:9      | Bought a pair of glowing boots for 240 gold pieces
 13642 | D:8      | HP: 3/76 [troll (13)]
 14113 | D:8      | Killed Maurice
 14114 | D:8      | Reached skill level 16 in Polearms
 14901 | D:8      | Gained mutation: You possess an exceptional clarity of
                  | mind. [potion of mutation]
 14901 | D:8      | Gained mutation: You are robust. (+10% HP) [potion of
                  | mutation]
 14901 | D:8      | Gained mutation: You expend magic power (3 MP) to
                  | strengthen your wands. [potion of mutation]
 15208 | D:9      | Reached skill level 1 in Evocations
 15234 | D:9      | Found a staircase to the Lair.
 15337 | D:9      | Reached * piety under Wu Jian
 15609 | Lair:1   | Entered Level 1 of the Lair of Beasts
 15660 | D:9      | Reached XP level 11. HP: 72/91 MP: 13/13
 15804 | Lair:1   | Noticed Gastronok
 15839 | Lair:1   | Killed Gastronok
 15840 | Lair:1   | Reached skill level 5 in Evocations
 16395 | Lair:1   | Noticed an eight-headed hydra
 17485 | Lair:1   | Noticed a seven-headed hydra
 17505 | Lair:1   | Killed a seven-headed hydra
 17506 | Lair:1   | Reached skill level 10 in Dodging
 18042 | Lair:1   | Found a transporter.
 18125 | Lair:1   | Found a transporter.
 18282 | Lair:2   | Noticed a six-headed hydra
 18312 | Lair:2   | Noticed Urug
 18322 | Lair:2   | Killed Urug
 18763 | Lair:2   | Reached XP level 12. HP: 86/103 MP: 14/14
 19206 | Lair:2   | Noticed a bunyip
 19206 | Lair:2   | a six-headed hydra changed into a bunyip
 19222 | Lair:2   | Slain by a bunyip

Illustrated notes

Levels and vault maps discovered:
D:1:      lightli_arrival_windingriver, layout_basic,
          ebering_ecumenical_altar_abandoned
D:2:      layout_basic, kennysheep_generic_room_15
D:3:      layout_basic, zin_academy, lemuel_crystal_altar,
          ebering_dispersal_statue_hall
D:4:      layout_gridville, nicolae_qazlal_scattered_showers, serial_shops,
          shop, eino_tiny_chamber, grunt_ministairs_10, uniq_natasha,
          uniq_eustachio
D:5:      layout_gridville, nicolae_sif_muna_little_library
D:6:      layout_basic, temple_pool_b
D:7:      layout_cave_pools, gammafunk_ghost_mausoleum, uniq_crazy_yiuf_cottage
D:8:      layout_loops_cross, lemuel_tele_altar, gammafunk_temple_overflow_pools
D:9:      layout_irregular_city, erik_lair_dragon, serial_shops, shop,
          enter_bailey_5, uniq_maurice
Temple:   eino_wide_crystal_templ
Lair:1:   gammafunk_worm_tunnel, layout_loops_ring,
          chequers_serial_rivers_micro_d, columned_hall_lemuel, uniq_gastronok
Lair:2:   layout_cave_pods, lemuel_fruit_fields, uniq_urug

Skill      XL: |  1  2  3  4  5  6  7  8  9 10 11 12 |
---------------+-------------------------------------+-----
Polearms       | 5 6 7 9 11 14 16 | 16.0
Fighting       | 3 4 5 6 8 |  8.6
Slings         | 2 |  2.4
Dodging        | 5 6 7 8 10 | 10.6
Poison Magic   | 1 3 |  3.0
Spellcasting   | 1 |  1.5
Air Magic      | 1 |  1.4
Armour         | 1 2 3 |  3.4
Evocations     | 3 7 8 |  8.0
Throwing       | |  2.8

Action                   |  1- 3 |  4- 6 |  7- 9 | 10-12 || total
-------------------------+-------+-------+-------+-------++-------
Melee: Trident           |    77 |    77 |       |     8 ||   162
       Halberd           |       |    27 |   375 |   393 ||   795
 Fire: Hunting sling     |       |    59 |    28 |       ||    87
Throw: Stone             |     7 |     8 |       |       ||    15
       Throwing net      |     2 |       |       |       ||     2
       Dart              |       |       |    35 |    40 ||    75
Invok: Lunge             |       |       |     8 |    14 ||    22
       Whirlwind         |       |       |       |     8 ||     8
Evoke: Wand              |       |       |       |     7 ||     7
  Use: Scroll            |     8 |       |     5 |     6 ||    19
       Potion            |       |       |     1 |     9 ||    10
 Stab: Sleeping          |     1 |     1 |       |     1 ||     3
       Distracted        |       |       |       |     1 ||     1
Armor: Leather armour    |     8 |     5 |    38 |    81 ||   132
       Ring mail         |       |    42 |    52 |    27 ||   121
Dodge: Dodged            |    32 |    62 |   195 |   257 ||   546

Table legend: (Time is in decaauts)
 A = Elapsed time spent in this place.
 B = Non-inter-level travel time spent in this place.
 C = Inter-level travel time spent in this place.
 D = Time resting spent in this place.
 E = Time spent auto-exploring this place.
 F = Levels seen in this place.
 G = Mean time per level.
                   A        B        C        D        E       F      G
               +--------+--------+--------+--------+--------+-----+--------+
         Total |  19076 |  18349 |    727 |   8703 |   6987 |  12 | 1589.7 |
       Dungeon |  15907 |  15215 |    692 |   6982 |   6103 |   9 | 1767.4 |
        Temple |    125 |    125 |      0 |      0 |     41 |   1 |  125.0 |
          Lair |   3042 |   3009 |     33 |   1721 |    843 |   2 | 1521.0 |
               +--------+--------+--------+--------+--------+-----+--------+

Top non-repeatable levels by time:
     D:8: 3279 daAuts
     D:6: 2668 daAuts
  Lair:1: 2207 daAuts
     D:2: 1715 daAuts
     D:5: 1606 daAuts
     D:9: 1595 daAuts
     D:7: 1501 daAuts
     D:3: 1243 daAuts
     D:1: 1202 daAuts
     D:4: 1096 daAuts
  Lair:2: 835 daAuts
  Temple: 125 daAuts
